 Dungeon Crawl Stone Soup version 0.14-a0-1653-g0ad7a2c (webtiles) character file.

96 ReteAZ the Digger (level 3, -3/28 HPs)
             Began as a Deep Dwarf Earth Elementalist on Dec 27, 2013.
             Slain by a worker ant (4 damage)
             ... on Level 5 of the Dungeon.
             The game lasted 00:11:22 (1498 turns).

ReteAZ the Digger (Deep Dwarf Earth Elementalist)   Turns: 1498, Time: 00:11:23

HP  -3/28        AC  2     Str 11      XL: 3   Next: 12%
MP   2/6         EV 12     Int 16      God:
Gold 63          SH  0     Dex 13      Spells:  2 memorised,  3 levels left

rFire  . . .     SeeInvis .     p - +4,+2 dagger (freeze)
rCold  . . .     Clarity  .     l - +0 robe
rNeg   . . .     Conserve .     (no shield)
rPois  .         rCorr    .     (no helmet)
rElec  .         rRot     .     (no cloak)
SustAb . .       Spirit   .     (no gloves)
rMut   .         Warding  .     (no boots)
Saprov . . .     Stasis   .     (no amulet)
                                (no ring)
                                (no ring)

@: non-regenerating, slightly resistant to hostile enchantments, fairly stealthy
A: damage resistance, recharge devices, sense surroundings 1, slow healing 3
a: Device Recharging


You were on level 5 of the Dungeon.
You were hungry.

You visited 1 branch of the dungeon, and saw 4 of its levels.

You collected 63 gold pieces.

Inventory:

Hand weapons
 p - a +4,+2 dagger of freezing (weapon)
Missiles
 b - 50 stones
 n - 2 darts of frost (quivered)
Armour
 j - a +0 shield
 l - a +0 robe (worn)
Magical devices
 a - a wand of heal wounds (2)
Comestibles
 f - 3 bread rations
 h - a chunk of giant cockroach flesh
 k - 2 apples
Scrolls
 c - a scroll of amnesia {unknown}
 e - a scroll of random uselessness {unknown}
 g - a scroll of remove curse {unknown}
 i - a scroll of fear {unknown}
 o - a scroll of identify {unknown}
Books
 d - a book of Geomancy

   Spells                             Type                      Level
   *Sandblast                         Earth                        1
   *Stoneskin                         Transmutation/Earth          2
   Passwall                           Transmutation/Earth          3
   Stone Arrow                        Conjuration/Earth            3
   Petrify                            Transmutation/Earth          4
   Lee's Rapid Deconstruction         Earth                        5


   Skills:
 - Level 2.1 Dodging
 - Level 2.4 Stealth
 + Level 2.2 Spellcasting
 - Level 0.8 Transmutations
 * Level 5.2 Earth Magic


You had 3 spell levels left.
You knew the following spells:

 Your Spells              Type           Power        Failure   Level  Hunger
a - Sandblast             Erth           ###...       2%          1    #......
b - Stoneskin             Trmt/Erth      ##........   10%         2    ##.....


Dungeon Overview and Level Annotations

Branches:
Dungeon (5/16)
 Temple: D:4-7

Altars:

Annotations:
D:2 Sigmund
D:4 Fv001's ghost, average FoFi


Innate Abilities, Weirdness & Mutations

You are resistant to damage.
You can recharge devices by infusing magical energy.
You passively map a small area around you.
You do not heal naturally.


Message History

The giant mite is moderately wounded.
The worker ant barely misses you. The giant mite bites you.
Casting: Sandblast
Confirm with . or Enter, or press ? or * to list all spells.
Aiming: Sandblast
Press: ? - help, Shift-Dir - straight line, f - worker ant, p - giant mite
Aim: a worker ant (severely wounded)
The blast of sand hits the worker ant.
The worker ant is almost dead.
The worker ant waves its antennae.
The worker ant closely misses you. The giant mite barely misses you.
Casting: Sandblast
Confirm with . or Enter, or press ? or * to list all spells.
Aiming: Sandblast
Press: ? - help, Shift-Dir - straight line, f/p - worker ant
Aim: a worker ant (almost dead)
The blast of sand hits the worker ant.
The worker ant is almost dead.
The worker ant bites you.
You die...

* ...
, ,
.#....
.#....
.....
,
#...#
,
#...#
,
#...#
*
#.s.#
,,
#..@#
*
#..a#
,
###.#,
#.#
,,,
#+#, ,
,, * *
, ,,,
,


You could see a worker ant and a giant mite.

Vanquished Creatures
  A giant gecko (D:2)
  3 giant cockroaches
  6 hobgoblins
  8 kobolds
  3 bats
  4 giant newts
  3 goblins
  4 rats (D:1)
32 creatures vanquished.

Notes
Turn   | Place    | Note
--------------------------------------------------------------
     0 | D:1      | ReteAZ, the Deep Dwarf Earth Elementalist, began the quest for the Orb.
     0 | D:1      | Reached XP level 1. HP: 15/15 MP: 2/2
   392 | D:1      | Reached XP level 2. HP: 22/22 MP: 2/4
   622 | D:1      | Learned a level 2 spell: Stoneskin
   932 | D:2      | Reached skill level 5 in Earth Magic
   985 | D:2      | Reached XP level 3. HP: 7/28 MP: 3/6
  1125 | D:2      | Noticed Sigmund
  1165 | D:2      | You fall through a shaft!
  1320 | D:4      | Noticed Fv001's ghost (average FoFi)
  1482 | D:4      | HP: 1/28 [worker ant (5)]
  1495 | D:5      | Entered Level 5 of the Dungeon
  1498 | D:5      | Slain by a worker ant

Action                   || total
-------------------------++-------
Melee: Dagger            ||    39
       Spear             ||    29
Throw: Dart              ||     1
 Cast: Sandblast         ||    45
       Stoneskin         ||     2
Evoke: Wand              ||     3
  Use: Potion            ||     2
 Stab: Distracted        ||     1
       Sleeping          ||     1
